AoeStats
← 一条固执的鱼

Nomad

506702588Analyzed
3v3 RM · 18d ago on Sep 14, 2026· 23m 23s· 6 players
Game mode
Random Map
Map size
210×210
Population
200
Speed
Normal
Resources
Standard
Victory
Conquest
Starting age
Dark Age
Ending age
Imperial Age
RankedLock teamsTeams togetherTeam positionsShared explorationLock speedFull tech treeHidden civsTurbo modeCheats
Victory
Defeat
🇨🇳 Spanish · China
1255
+15
🇨🇳 Koreans · China
1240
+16
🇨🇳 Mongols · China
1215
+17
🇩🇪 Bohemians · Germany
1268
-18
🇩🇪 Persians · Germany
1240
-16
🇩🇪 Maya · Germany
1196
-14
Wallace
5:12 Loom
13:12 Feudal Age
13:35 Double-Bit Axe
18:39 Castle Age
16:57 Stone Mining
17:01 Fletching
19:19 Bodkin Arrow
PhreakShow
6:37 Loom
16:06 Feudal Age
21:04 Castle Age
22:02 Town Watch
24:12 Wheelbarrow
ockm
6:00 Loom
15:25 Feudal Age
20:38 Castle Age
19:58 Fletching
20:08 Padded Archer Armor
22:08 Crossbowman
一条固执的鱼
6:09 Loom
14:56 Feudal Age
19:30 Castle Age
17:21 Horse Collar
17:56 Gold Mining
18:18 Double-Bit Axe
19:48 Fletching
20:37 Bow Saw
21:55 Bodkin Arrow
809591945
3:11 Loom
12:39 Feudal Age
16:41 Castle Age
17:41 Town Watch
17:46 Double-Bit Axe
19:31 Bow Saw
19:33 Fletching
23:48 Wheelbarrow
沉着 冷静
13:52 Feudal Age
13:23 Loom
17:34 Castle Age
15:40 Double-Bit Axe
16:20 Fishing Lines
18:35 Bow Saw
18:05 Horse Collar
18:39 Padded Archer Armor
19:57 Medium Warships
20:10 Town Watch
22:53 Leather Archer Armor
Connection lost

Rejoining the realm…

Still unreachable

The connection could not be restored.

Session expired

The server has moved on; the page needs a fresh start.